 Dungeon Crawl Stone Soup version 0.30.0-3-ga4e48a9924 (webtiles) character file.

Game seed: 7992549177150049

2865 Esekla the Thaumaturge (level 9, 0/42 (48) HPs)
             Began as a Deep Elf Wanderer on May 7, 2023.
             Was a Follower of Ashenzari.
             Killed by the air
             ... invoked by Gastronok
              (27 damage)
             ... on level 8 of the Dungeon.
             The game lasted 01:08:19 (7127 turns).

Esekla the Thaumaturge (Deep Elf Wanderer)          Turns: 7127, Time: 01:08:20

HP:   0/42 (48)     AC:  6    Str:  6    XL:     9   Next: 47%
MP:   22/25         EV: 14    Int: 26    God:    Ashenzari [*.....]
Gold: 429           SH:  0    Dex: 16    Spells: 18/28 levels left

rFire   + + +        v - +9 dagger "Widowmaker" {flame, Will+ rCorr Int+3 Stlth+}
rCold   + . .        (no shield)
rNeg    . . .        d - +0 robe
rPois   .            K - +2 helmet of Eternal Vigilance {rF++}
rElec   .            o - scarf of Supernal Gnosis {rC+ rF+, Melee, Self} (curse)
rCorr   +            y - +0 pair of gloves "Astrological Malaise" {Alch, Bglg} (curse)
SInv    +            (no boots)
Will    +....        (no amulet)
Stlth   ++++         k - ring of see invisible
HPRegen 0.27/turn    (no ring)
MPRegen 0.19/turn

%: no passive effects
@: freezing walls, studying Ranged Weapons, heavily drained
A: no striking features
a: Renounce Religion, Shatter the Chains


You were on level 8 of the Dungeon.
You worshipped Ashenzari.
Ashenzari was aware of your devotion.
You visited 2 branches of the dungeon, and saw 9 of its levels.
You also visited: Bailey.

You collected 429 gold pieces.

Inventory:

Hand Weapons
 q - a +0 long sword
 r - a +0 trident
 v - the +9 dagger "Widowmaker" (weapon) {flame, Will+ rCorr Int+3 Stlth+}
   (You found it on level 3 of the Dungeon)

   Int:       It affects your intelligence (+3).
   rCorr:     It protects you from acid and corrosion.
   Will:      It increases your willpower.
   Stlth:     It makes you more stealthy.
 w - a +1 halberd of electrocution
 F - a +0 dagger of protection
 H - a +2 halberd of draining
 I - the +9 rapier of Tisavaru {freeze, rC+ Dex+3}
   (You found it on level 6 of the Dungeon)

   Dex:       It affects your dexterity (+3).
   rC:        It protects you from cold.
 J - a +2 halberd of electrocution
Missiles
 b - 20 poisoned darts (quivered)
 E - a boomerang
 L - 2 throwing nets
Armour
 d - a +0 robe (worn)
 f - a +0 buckler
 o - the cursed scarf of Supernal Gnosis (worn) {rC+ rF+, Melee, Self}
   (You found it on level 2 of the Dungeon)

   It has a curse which improves the following skills: Melee Combat: Short
   Blades, Long Blades, Axes, Maces & Flails, Polearms, Staves and Unarmed
   Combat.
   Introspection: Fighting and Spellcasting.
 y - the cursed +0 pair of gloves "Astrological Malaise" (worn) {Alch, Bglg}
   (You found it on level 3 of the Dungeon)

   It has a curse which improves the following skills: Alchemy: Poison Magic and
   Transmutations.
   Beguiling: Conjurations, Hexes and Translocations.
 K - the +2 helmet of Eternal Vigilance (worn) {rF++}
   (You found it on level 7 of the Dungeon)

   rF:        It greatly protects you from fire.
Magical Staves
 C - a staff of cold
Jewellery
 k - a ring of see invisible (left hand)
Wands
 a - a wand of acid (5)
 t - a wand of paralysis (14)
 z - a wand of flame (21)
Scrolls
 c - 2 scrolls of butterflies
 g - 5 scrolls of poison
 i - 2 scrolls of enchant armour
 l - 6 scrolls of teleportation
 u - a scroll of fear
 x - a scroll of fog
 D - 2 scrolls of blinking
Potions
 e - a potion of magic
 h - 4 potions of might
 j - 6 potions of curing
 m - 4 potions of heal wounds
 n - 4 potions of resistance
 p - 4 potions of mutation
 s - 3 potions of brilliance
 A - a potion of berserk rage
 B - a potion of invisibility
 G - 5 potions of haste
 M - 2 potions of experience


   Skills:
 + Level 1.4(2.0) Fighting
 * Level 4.0(4.7) Short Blades
 + Level 4.1 Throwing
 * Level 5.4 Dodging
 + Level 4.6 Stealth
 * Level 9.4(10.2) Spellcasting
 * Level 5.2 Necromancy
 * Level 3.9(4.6) Translocations
 + Level 5.7 Ice Magic
 + Level 1.0 Invocations


You had 18 spell levels left.
You knew the following spells:

 Your Spells              Type           Power      Damage    Failure   Level
a - Freeze                Ice            100%       1d10      1%          1
b - Blink                 Tloc           74%        N/A       1%          2
d - Vampiric Draining     Necr           40%        2d8       1%          3
p - Apportation           Tloc           74%        N/A       1%          1
r - Frozen Ramparts       Ice            86%        1d13      1%          3

Your spell library contained the following spells:

 Spells                   Type           Power      Damage    Failure   Level
 Necrotise                Necr           100%       1d9       1%          1
 Lesser Beckoning         Tloc           74%        N/A       1%          2
 Momentum Strike          Conj/Tloc      50%        3d9       2%          2
 Summon Small Mammal      Summ           52%        N/A       4%          1
 Ice Form                 Ice/Tmut       28%        N/A       14%         4


Dungeon Overview and Level Annotations

Branches:
Dungeon (8/15)             Temple (1/1) D:4          Bailey (visited)
   Lair: D:8-11

Altars:
Ashenzari
Cheibriados
Dithmenos
Elyvilon
Fedhas
Gozag
Hepliaklqana
Kikubaaqudgha
Makhleb
Nemelex Xobeh
Okawaru
Qazlal
Ru
Sif Muna
Trog
Uskayaw
Vehumet
Wu Jian
Xom
Yredelemnul
Zin
The Shining One

Shops:
D:6 =

Annotations:
D:2 Sigmund
D:8 Gastronok, Grum


Message History

There is an open door here.
There is an open door here.
You open the door.
An orc comes into view. It is wielding a +0 spear.
There is an open door here.
The helpless orc fails to defend itself.
You stick the orc like a pincushion!!! You burn the orc.
You kill the orc!
Things that are here:
a +0 spear; a +0 chain mail
There is an open door here.
You open the door. As you open the door, it creaks loudly!
There is an open door here.
There is an open door here.
There is a gate leading back out of this place here.
Welcome back to the Dungeon!
You hear the hiss of flowing sand.
There is an entrance to an ossuary on this level.
Hurry and find it before the portal is buried!
Level annotation: Gastronok, Grum You hear the quick hiss of a distant avalanche of sand.
The orc barely misses you.
There is an empty arch of ancient stone here.
You puncture the orc! You burn the orc.
You kill the orc!
Grum closely misses you.
Things that are here:
a +0 spear; an orc corpse
Casting: Frozen Ramparts (safe; 1% risk of failure)
Confirm with . or Enter, or press ? or * to list all spells.
Casting: Frozen Ramparts (safe; 1% risk of failure)
Press: ? - help, Dir - look around, f - activate The walls around you are covered in ice.
The wall freezes Grum but does no damage.
Grum hits you with a +1 spear!
Gastronok gurgles, "I'll eat you, I will!"
Gastronok waves his eye-stalks in wide circles.
The air twists around and strikes you!!
Ouch! That really hurt!
You die...

###### .....# ~~~..##
####~≈...#
#>.#≈~.#.######
#..'≈~........#
#..'~~........+
....~#..g≈~.w......####
...~#∩@#≈~...)))..>..#
. .[~####≈~..##†....#
..###)~~≈~~~≈..####.w.#
#..............#
###.#### #..........#.#
#..... #.........#)#
#r.### ###..####)#.#
#..... #....).##K#†#
#...## #......'..#.#
#...#.


You could see Gastronok and Grum.

Vanquished Creatures
  An acid dragon (D:6)
  Duvessa (D:7)
  2 black bears (D:6)
  2 orc warriors
  4 wolves (D:8)
  An ogre (D:6)
  4 centaurs
  A phantom (D:7)
  2 kobold brigands
  3 bullfrogs
  5 scorpions
  Dowan (D:7)
  A jelly (D:6)
  An orc priest (D:6)
  5 hounds
  4 iguanas
  Terence (D:2)
  Natasha (thrice) (D:2)
  4 orc wizards
  4 adders
  12 gnolls
  A white imp (D:7)
  A worm (D:2)
  3 dart slugs
  30 orcs
  10 ball pythons
  10 endoplasms
  3 giant cockroaches
  11 goblins
  10 hobgoblins
  2 jackals (D:5)
  12 kobolds
  6 quokkas
  A bat (D:1)
  5 frilled lizards
  4 rats
171 creatures vanquished.

Notes
Turn   | Place    | Note
-------+----------+-------------------------------------------
     0 | D:1      | Esekla the Deep Elf Wanderer began the quest for the Orb.
     0 | D:1      | Esekla set off with the following items: a +0 dagger, 9
                  | poisoned darts, a scroll of butterflies, a +0 robe; and the
                  | following spells available to memorise: Freeze, Necrotise,
                  | Frozen Ramparts, Vampiric Draining, Ice Form.
     0 | D:1      | Reached XP level 1. HP: 12/12 MP: 5/5
    40 | D:1      | Learned a level 1 spell: Freeze
   324 | D:1      | Reached XP level 2. HP: 16/16 MP: 6/6
   834 | D:2      | Noticed Natasha
  1006 | D:2      | Reached skill level 2 in Spellcasting
  1051 | D:2      | Noticed a scorpion
  1323 | D:2      | Killed a scorpion
  1324 | D:2      | Reached skill level 1 in Short Blades
  1324 | D:2      | Reached skill level 1 in Dodging
  1324 | D:2      | Reached skill level 3 in Spellcasting
  1324 | D:2      | Reached XP level 3. HP: 20/20 MP: 7/9
  1324 | D:2      | Reached XP level 4. HP: 25/25 MP: 7/10
  1362 | D:1      | Learned a level 3 spell: Frozen Ramparts
  1366 | D:1      | Learned a level 3 spell: Vampiric Draining
  1371 | D:2      | Killed Natasha
  1557 | D:2      | Reached XP level 5. HP: 17/29 MP: 5/12
  1624 | D:2      | Reached skill level 4 in Spellcasting
  1840 | D:2      | Noticed Natasha
  1845 | D:2      | Killed Natasha
  1851 | D:2      | Noticed Natasha
  2178 | D:2      | Noticed Sigmund
  2189 | D:2      | Killed Natasha
  2624 | D:2      | Found a faded altar of an unknown god.
  2709 | D:2      | Noticed Terence
  2725 | D:2      | Killed Terence
  2726 | D:2      | Reached XP level 6. HP: 29/34 MP: 1/14
  3077 | D:3      | Learned a level 2 spell: Blink
  3082 | D:3      | Identified the +9 dagger "Widowmaker" {flame, Will+ rCorr
                  | Int+3 Stlth+}
  3488 | D:4      | Reached skill level 5 in Spellcasting
  3987 | D:4      | Found a staircase to the Ecumenical Temple.
  4022 | D:4      | Learned a level 1 spell: Apportation
  4049 | Temple   | Entered the Ecumenical Temple
  4508 | Temple   | Became a worshipper of Ashenzari the Shackled
  4599 | D:5      | Entered Level 5 of the Dungeon
  4678 | D:5      | Reached skill level 1 in Translocations
  4815 | D:5      | Reached XP level 7. HP: 38/38 MP: 17/17
  5058 | D:6      | Reached skill level 6 in Spellcasting
  5103 | D:6      | Found a shimmering altar of Xom.
  5354 | D:6      | Identified the +9 rapier of Tisavaru {freeze, rC+ Dex+3}
  5399 | D:6      | Reached skill level 5 in Ice Magic
  5399 | D:6      | Reached XP level 8. HP: 43/43 MP: 16/20
  5424 | D:6      | Found Ekkib's Jewellery Shoppe.
  5695 | D:6      | Reached skill level 7 in Spellcasting
  6191 | D:7      | Reached skill level 8 in Spellcasting
  6280 | D:7      | Identified the +2 helmet of Eternal Vigilance {rF++}
  6320 | D:7      | Noticed Dowan
  6399 | D:7      | Noticed Duvessa
  6446 | D:7      | Killed Duvessa
  6447 | D:7      | Reached XP level 9. HP: 45/48 MP: 16/23
  6451 | D:7      | Killed Dowan
  6589 | D:7      | Reached * piety under Ashenzari
  6778 | D:8      | Noticed Gastronok
  6813 | D:8      | Reached skill level 5 in Dodging
  6813 | D:8      | Reached skill level 5 in Necromancy
  6833 | D:8      | Reached skill level 9 in Spellcasting
  6835 | D:8      | Noticed Grum
  6835 | D:8      | HP: 2/48 [wolf[Grum] (9)]
  6840 | D:8      | Found a flagged portal.
  6845 | Bailey   | Entered a bailey
  7127 | D:8      | Killed from afar by Gastronok

Illustrated notes

Levels and vault maps discovered:
D:1:      dpeg_arrival_pond, layout_basic, corexii_item_surrounded_by_moat
D:2:      layout_rooms, dreamdust_ecumenical_altar_angels_and_demons,
          minmay_misc_feat_hallway, uniq_sigmund, uniq_natasha, uniq_terence
D:3:      layout_basic
D:4:      layout_cave_pools, temple_fountains, serial_column_ruins,
          column_ruins_pillar_3, column_ruins_pillar_1, column_ruins_pillar_1,
          column_ruins_pillar_2, column_ruins_pillar_2, column_ruins_pillar_3,
          column_ruins_pillar_1, column_ruins_pillar_4, column_ruins_pillar_11,
          column_ruins_pillar_2, column_ruins_pillar_2, column_ruins_pillar_2,
          column_ruins_pillar_7, column_ruins_pillar_6, column_ruins_pillar_10,
          column_ruins_pillar_1, kennysheep_generic_room_8
D:5:      layout_rooms
D:6:      layout_gridville, tgw_xom, serial_shops, nicolae_shop_gaudy_bauble,
          minivault_27, minmay_manual_mares
D:7:      layout_rooms, uniq_duvessa
D:8:      layout_basic, gup_ossuary_entry_pyramid, enter_bailey_4, uniq_grum,
          uniq_gastronok
Temple:   mainiacjoe_temple_circle_huts

Skill      XL: |  1  2  3  4  5  6  7  8  9 |
---------------+----------------------------+-----
Necromancy     | 2 3 4 5 |  5.2
Spellcasting   | 3 4 5 6 8 9 |  9.4
Short Blades   | 1 2 3 4 |  4.0
Dodging        | 1 2 3 4 5 |  5.4
Ice Magic      | 4 5 |  5.7
Stealth        | 2 3 4 |  4.6
Translocations | 1 2 3 |  3.9
Throwing       | 3 4 |  4.1
Fighting       | |  1.4
Invocations    | |  1.0

Action                     |  1- 3 |  4- 6 |  7- 9 || total
---------------------------+-------+-------+-------++-------
  Melee: Dagger            |    12 |    86 |    82 ||   180
         Punch             |       |       |     1 ||     1
  Throw: Dart              |     6 |    17 |    38 ||    61
   Cast: Freeze            |    26 |       |       ||    26
         Frozen Ramparts   |       |    25 |    27 ||    52
         Vampiric Draining |       |     8 |    17 ||    25
         Apportation       |       |       |     1 ||     1
 Invoke: Curse Item        |       |       |     2 ||     2
    Use: Scroll            |       |     1 |     1 ||     2
         Potion            |       |       |     3 ||     3
   Stab: Sleeping          |     2 |    11 |    16 ||    29
 Armour: Robe              |     6 |     6 |    18 ||    30
  Dodge: Dodged            |    12 |    43 |    71 ||   126
